 Dungeon Crawl Stone Soup version 0.22-a0-443-g17c3723 (webtiles) character file.

159940 CanOfBees the Warrior (level 17, -3/168 HPs)
             Began as a Minotaur Monk on May 31, 2018.
             Was the Champion of Qazlal.
             Slain by a nagaraja (10 damage)
             ... on level 4 of the Snake Pit on June 1, 2018.
             The game lasted 01:26:52 (30476 turns).

CanOfBees the Warrior (Minotaur Monk)              Turns: 30476, Time: 01:26:53

Health: -3/168     AC: 20    Str: 23    XL:     17   Next: 17%
Magic:  25/27      EV: 19    Int:  5    God:    Qazlal [******]
Gold:   158        SH: 25    Dex: 17    Spells: 16/16 levels left

rFire    + . .     SeeInvis .   m - +9 demon trident (pain)
rCold    + . .     Gourm    .   N - +5 shield {AC+3}
rNeg     . . .     Faith    .   C - +2 ring mail of the Moon {Str+4}
rPois    +         Spirit   .   u - +2 hat
rElec    .         Reflect  .   R - scarf {rC+ rF+}
rCorr    .         Harm     .   G - +2 pair of gloves
MR       ++...                  (no boots)
Stlth    +.........             Z - amulet of regeneration
HPRegen  0.78/turn              g - ring of protection from magic
MPRegen  0.20/turn              f - ring of poison resistance

@: lethally poisoned (-3 -> -4), about to teleport, protected from physical
damage, repel missiles
A: retaliatory headbutt, horns 2, dopey 1
a: Upheaval, Elemental Force, Disaster Area, Renounce Religion


You were on level 4 of the Snake Pit.
You worshipped Qazlal.
Qazlal was exalted by your worship.
You were hungry.

You visited 4 branches of the dungeon, and saw 27 of its levels.
You visited 1 bazaar.
You also visited: Ossuary and Ice Cave.

You collected 2592 gold pieces.
You spent 2434 gold pieces at shops.

Inventory:

Hand Weapons
 a - the +8 glaive of the Guard {elec, +Rage AC+5 SInv}
   (You found it on level 14 of the Dungeon)

   Occasionally, upon striking a foe, it will discharge some electrical energy
   and cause terrible harm.
   It affects your AC (+5).
   It lets you see invisible.
   It lets you go berserk.
 m - a +9 demon trident of pain (weapon)
 w - the +9 halberd "Loor" {drain, Str+2}
   (You found it on level 2 of the Lair of Beasts)

   A truly terrible weapon, it drains the life of those it strikes.
   It affects your strength (+2).
Missiles
 D - 3 throwing nets
 F - 43 tomahawks (quivered)
 P - 4 poisoned tomahawks
Armour
 u - a +2 hat (worn)
 C - the +2 ring mail of the Moon (worn) {Str+4}
   (You found it on level 5 of the Dungeon)

   It affects your strength (+4).
 G - a +2 pair of gloves (worn)
 N - a +5 shield of protection (worn)
 R - a scarf of resistance (worn)
Jewellery
 d - a +5 ring of strength
 e - a +4 ring of dexterity
 f - a ring of poison resistance (right hand)
 g - a ring of protection from magic (left hand)
 q - a cursed -3 ring of evasion
 s - an uncursed ring of resist corrosion
 v - the ring of Kixt {rC+ rN+}
   (You found it on level 8 of the Dungeon)

   [ring of positive energy]

   It protects you from cold.
   It protects you from negative energy.
 x - the ring "Jiwkuly" {Fire rElec Str+3}
   (You found it on level 3 of the Lair of Beasts)

   [ring of fire]

   It enhances your fire magic.
   It affects your strength (+3).
   It protects you from fire.
   It makes you vulnerable to cold.
   It insulates you from electricity.
 Z - an amulet of regeneration (around neck)
Wands
 j - a wand of disintegration (17)
 k - a wand of acid (7)
 o - a wand of enslavement (15)
 A - a wand of flame (67)
 S - a wand of iceblast (11)
 W - a wand of polymorph (8)
 X - a wand of paralysis (26)
Scrolls
 i - 8 scrolls of teleportation
 n - 3 scrolls of vulnerability
 t - 18 scrolls of identify
 y - 11 scrolls of remove curse
 B - 2 scrolls of summoning
 E - 6 scrolls of magic mapping
 J - 4 scrolls of immolation
 L - a scroll of holy word
 O - a scroll of fear
 T - 2 scrolls of silence
 U - 2 scrolls of torment
 V - 5 scrolls of fog
Potions
 b - a potion of magic
 h - a potion of might
 l - 6 potions of agility
 p - 5 potions of curing
 r - 5 potions of berserk rage
 z - 4 potions of brilliance
 H - a potion of flight
 I - a potion of resistance
 K - a potion of cancellation
 M - a potion of invisibility
Comestibles
 c - 40 rations


   Skills:
 + Level 19.2 Fighting
 + Level 16.6 Polearms
 - Level 10.0 Armour
 + Level 12.1 Dodging
 - Level 2.0 Stealth
 - Level 10.0 Shields
 - Level 15.0 Invocations
 - Level 5.0 Evocations


You had 16 spell levels left.
You didn't know any spells.
Your spell library contained the following spells:

 Spells                   Type           Power        Failure   Level  Hunger
 Magic Dart               Conj           #...         83%         1    ##.....
 Fireball                 Conj/Fire      #.........   100%        5    ######.
 Conjure Flame            Conj/Fire      #.......     99%         3    ####...
 Bolt of Magma            Conj/Fire/Erth #.........   100%        5    ######.
 Confuse                  Hex            #.......     99%         3    ####...
 Throw Flame              Conj/Fire      #.....       92%         2    ###....
 Iskenderun's Mystic Bla  Conj           #.......     100%        4    #####..
 Sticky Flame             Conj/Fire      #.......     100%        4    #####..
 Iron Shot                Conj/Erth      #.........   100%        6    #######
 Statue Form              Tmut/Erth      #........    100%        6    #######
 Confusing Touch          Hex            #.....       83%         1    ##.....
 Flame Tongue             Conj/Fire      #....        83%         1    ##.....
 Metabolic Englaciation   Hex/Ice        #.........   100%        5    ######.
 Shatter                  Erth           #.........   100%        9    #######
 Petrify                  Tmut/Erth      #.......     100%        4    #####..
 Leda's Liquefaction      Hex/Erth       #.........   100%        4    #####..
 Inner Flame              Hex/Fire       #.......     99%         3    ####...
 Fulminant Prism          Conj/Hex       #.........   100%        4    #####..
 Dazzling Spray           Conj/Hex       #.....       99%         3    ####...
 Force Lance              Conj/Tloc      #.......     100%        4    #####..
 Searing Ray              Conj           #.....       92%         2    ###....
 Gell's Gravitas          Tloc           #.........   99%         3    ####...
 Yara's Violent Unravell  Hex/Tmut       #.........   100%        5    ######.


Dungeon Overview and Level Annotations

Branches:
Dungeon (15/15)            Temple (0/1) D:7            Lair (6/6) D:9
 Shoals (0/4) Lair:3        Snake (4/4) Lair:2        Slime (0/5) Lair:6
    Orc (2/2) D:11            Elf (0/3) Orc:2        Vaults (0/5) D:14
 Depths (0/5) D:15

Altars:
Ashenzari
Elyvilon
Nemelex Xobeh
Okawaru
Qazlal
Uskayaw
Wu Jian
The Shining One
Beogh

Shops:
D:7 [   D:9 [   D:13 =(*(   Orc:2 (((   Snake:2 !?*}

Portals:
Trove: D:11 (show abyssal rune of Zot)


Innate Abilities, Weirdness & Mutations

You reflexively headbutt those who attack you in melee.
You have a pair of horns on your head.
You are dopey. (Int -2)


Message History

The naga completely misses you. You furiously retaliate!
You headbutt the naga.
A nagaraja comes into view. It is wielding a halberd.
You hear a shout! x4
As you read the scroll of teleportation, it crumbles to dust.
You feel strangely unstable.
You feel sick. The nagaraja spits poison at you.
The splash of poison is repelled.
The splash of poison hits the naga.
* * * LOW HITPOINT WARNING * * *
The nagaraja constricts you.
The nagaraja is struck by lightning.
You kill the nagaraja!
Qazlal accepts your kill. You block the nagaraja's attack.
The nagaraja hits you with a club!!
* * * LOW HITPOINT WARNING * * *
You feel more protected from physical attacks.
The nagaraja constricts you. You block the naga's attack.
Unknown command.
You escape the nagaraja's grasp.
You feel sick.
You hear a shout! x3
The nagaraja hits you!
You die...

............##....#...##.#.#
............##....#........#
...........†#.#...#........#
#..........)##....##...#.#.#
##.........(.#.....#'##.####
##........(.#........###.#
##.......))#.##....#....#
##....§.§)##############
##...§§@N.N.....
##..§N))§......
##..N.)...S... ##§.)........
##.)........ ##...######
##SN# #..# §.#'


You could see a naga warrior (fleeing), 3 nagarajas, 2 guardian serpents and a
naga.

Vanquished Creatures
  Saint Roka (Orc:2)
  Vashnia (Snake:4)
  Roxanne (Snake:1)
  A storm dragon (D:14)
  3 nagarajas (Snake:4)
  A stone giant (Orc:2)
  Azrael (D:12)
  The ghost of IvanTheLlama the Blocker, a journeyman MiFi of Makhleb (Orc:2)
  A yaktaur captain (D:14)
  A vault guard (D:14)
  15 anacondas
  6 naga warriors
  11 hydras
  A death knight (D:15)
  4 two-headed ogres
  3 centaur warriors
  4 tengu warriors (D:15)
  5 shock serpents
  4 naga sharpshooters
  A storm dragon zombie (D:15)
  5 salamander mystics
  2 skeletal warriors (D:15)
  The ghost of tsuxds the Cleaver, a novice MiBe of Trog (D:7)
  A sea snake (shapeshifter) (D:14)
  A deep troll (D:14)
  2 unseen horrors
  A flayed ghost (D:15)
  A wizard (D:14)
  A deep elf archer (D:14)
  5 naga ritualists
  An orc knight (Orc:2)
  2 necromancers
  Pikel (D:7)
  4 harpies (D:15)
  2 deep elf magi (D:14)
  7 salamanders
  3 cyclopes
  A fire giant zombie (D:15)
  13 ugly things
  9 mana vipers
  An oklob plant (Lair:4)
  15 orc sorcerers
  32 black mambas
  3 guardian serpents
  3 manticores
  9 elephants
  14 naga magi
  4 ice statues (IceCv)
  A torpor snail (Lair:6)
  Maurice (D:8)
  3 gargoyles
  2 spiny frogs
  5 komodo dragons
  The ghost of smeego the Slasher, a novice OpFi of Okawaru (D:5)
  2 kobold demonologists (D:14)
  2 rime drakes (Lair:2)
  7 ice devils
  8 trolls
  9 polar bears (Lair:6)
  2 queen bees
  A hornet (D:9)
  5 slime creatures
  A slime creature (shapeshifter) (D:14)
  A meliai zombie (D:14)
  2 dream sheep (Lair:6)
  An ettin zombie (D:15)
  7 hippogriffs
  8 blink frogs
  3 raiju (Lair:6)
  An ice dragon zombie (D:15)
  2 shadows (D:13)
  Sigmund (D:3)
  34 yaks
  A vampire (D:15)
  3 wyverns
  A fire elemental (D:12)
  A steam dragon (D:11)
  10 vampire mosquitoes
  2 basilisks
  9 wargs
  43 nagas
  20 hell hounds
  2 acid dragons (D:14)
  2 soldier ants
  9 porcupines
  5 water moccasins
  15 orc warriors
  8 ice beasts
  10 ogres
  3 sky beasts
  12 black bears
  6 phantoms
  18 wolves
  An eye of draining (D:12)
  3 necrophages
  14 crocodiles
  16 centaurs
  An elf zombie (Ossuary)
  4 big kobolds
  19 bullfrogs
  3 scorpions
  6 jellies
  40 killer bees
  3 wights
  A howler monkey (D:9)
  A draconian simulacrum (IceCv)
  3 bullfrog zombies
  8 centaur zombies
  7 crimson imps
  3 quasits
  6 hounds
  19 orc priests
  41 orc wizards
  A bullfrog skeleton (D:11)
  3 centaur skeletons
  4 iguanas
  12 worker ants
  5 troll simulacra (IceCv)
  An ogre zombie (Ossuary)
  3 centaur simulacra
  A hound skeleton (D:6)
  7 mummies (Ossuary)
  2 worker ant zombies
  4 gnolls (D:5)
  A naga simulacrum (IceCv)
  18 adders
  An ogre simulacrum (IceCv)
  A shadow imp (D:12)
  4 oozes
  2 adder zombies (Ossuary)
  A worm (D:2)
  2 dart slugs
  4 leopard geckos
  118 orcs
  A ball python (D:5)
  7 bats
  5 giant cockroaches
  A gnoll zombie (Ossuary)
  6 goblins
  6 hobgoblins
  3 jackals (D:2)
  6 quokkas
  6 frilled lizards
  3 goblin zombies (Ossuary)
  6 hobgoblin zombies (Ossuary)
  A jackal skeleton (D:4)
  17 kobolds
  4 kobold zombies (Ossuary)
  A leopard gecko zombie (D:5)
  A quokka skeleton (D:7)
  3 quokka zombies (Ossuary)
  7 rats (D:3)
  5 rat zombies (Ossuary)
983 creatures vanquished.

Vanquished Creatures (collateral kills)
  An orc knight (Orc:1)
  A salamander (Snake:2)
  A troll (Orc:1)
3 creatures vanquished.

Vanquished Creatures (others)
  An anaconda (Snake:4)
  A naga warrior (Snake:4)
  A naga sharpshooter (Snake:4)
  A black mamba (Snake:1)
  A dream sheep (Lair:6)
  2 nagas (Snake:2)
  A wolf (Lair:6)
  A shadow imp (D:7)
  2 orcs
  A quokka (D:7)
  A goblin zombie (D:7)
  4 hobgoblin zombies (D:7)
  2 kobold skeletons (D:7)
  A kobold zombie (D:7)
  An orc skeleton (D:7)
  An orc zombie (D:7)
  7 fungi
  10 plants
  A withered plant (D:15)
40 creatures vanquished.

Grand Total: 1026 creatures vanquished

Notes
Turn   | Place    | Note
-------+----------+-------------------------------------------
     0 | D:1      | CanOfBees the Minotaur Monk began the quest for the Orb.
     0 | D:1      | Reached XP level 1. HP: 19/19 MP: 0/0
   422 | D:1      | Reached XP level 2. HP: 27/27 MP: 1/1
  1252 | D:2      | Reached skill level 4 in Fighting
  1428 | D:2      | Reached XP level 3. HP: 33/33 MP: 2/2
  1617 | D:2      | Reached XP level 4. HP: 27/41 MP: 3/3
  1988 | D:2      | Found a stormy altar of Qazlal.
  2250 | D:3      | Reached skill level 5 in Fighting
  2250 | D:3      | Reached XP level 5. HP: 37/48 MP: 4/4
  2260 | D:2      | Reached skill level 5 in Polearms
  2426 | D:2      | Became a worshipper of Qazlal Stormbringer
  2426 | D:2      | Reached * piety under Qazlal
  2426 | D:2      | Reached ** piety under Qazlal
  2460 | D:3      | Noticed Sigmund
  2502 | D:3      | Killed Sigmund
  2502 | D:3      | Reached skill level 5 in Dodging
  2502 | D:3      | Reached skill level 1 in Invocations
  2502 | D:3      | Reached XP level 6. HP: 43/56 MP: 4/6
  2666 | D:3      | Found a shattered altar of Ashenzari.
  3003 | D:4      | Reached skill level 1 in Armour
  3017 | D:4      | Reached XP level 7. HP: 18/62 MP: 7/7
  3524 | D:4      | Reached skill level 6 in Fighting
  3777 | D:5      | Entered Level 5 of the Dungeon
  3868 | D:5      | Noticed smeego's ghost (novice OpFi)
  3886 | D:5      | Killed smeego's ghost
  3886 | D:5      | Reached XP level 8. HP: 38/71 MP: 5/9
  4345 | D:5      | Reached *** piety under Qazlal
  4387 | D:5      | Found a sparkling altar of Nemelex Xobeh.
  4410 | D:5      | Reached skill level 7 in Fighting
  4446 | D:5      | Found an ornate altar of the Wu Jian Council.
  4519 | D:5      | Got a faintly glowing ring mail
  4530 | D:5      | Identified the +2 ring mail of the Moon {Str+4} (You found it on level 5 of the Dungeon)
  4860 | D:6      | Found a sand-covered staircase.
  4867 | Ossuary  | Entered an ossuary
  5064 | Ossuary  | Reached XP level 9. HP: 79/80 MP: 11/11
  5199 | Ossuary  | Reached **** piety under Qazlal
  5671 | D:6      | Reached skill level 5 in Armour
  6128 | D:6      | Found a hide-covered altar of Uskayaw.
  6131 | D:6      | Found an iron altar of Okawaru.
  6134 | D:6      | Found a white marble altar of Elyvilon.
  6235 | D:7      | Reached skill level 8 in Fighting
  6318 | D:7      | Noticed Pikel
  6332 | D:7      | Killed Pikel
  6332 | D:7      | Reached skill level 5 in Invocations
  6467 | D:7      | Found a staircase to the Ecumenical Temple.
  6477 | D:7      | Noticed tsuxds's ghost (novice MiBe)
  6498 | D:7      | Killed tsuxds's ghost
  6509 | D:7      | Reached skill level 9 in Fighting
  6860 | D:7      | Found Saotim's Armour Boutique.
  6887 | D:7      | Bought a +0 hat for 44 gold pieces
  6887 | D:7      | Bought a +1 shield of protection for 181 gold pieces
  7091 | D:7      | Found a glowing golden altar of the Shining One.
  7421 | D:8      | Reached skill level 1 in Shields
  7421 | D:8      | Reached XP level 10. HP: 91/91 MP: 13/13
  7444 | D:8      | Noticed Maurice
  7486 | D:8      | Got a steaming silver ring
  7488 | D:8      | Identified the ring of Kixt {rC+ rN+} (You found it on level 8 of the Dungeon)
  7572 | D:8      | Killed Maurice
  7586 | D:8      | Noticed an orc sorcerer
  7586 | D:8      | Noticed an orc sorcerer
  7600 | D:8      | Noticed an orc sorcerer
  7602 | D:8      | Noticed an orange demon
  7608 | D:8      | Noticed an orange demon
  7610 | D:8      | Noticed a rust devil
  7634 | D:8      | Noticed a soul eater
  7636 | D:8      | Killed an orc sorcerer
  7646 | D:8      | Gained mutation: You are dopey. (Int -2) [a neqoxec]
  7648 | D:8      | Killed an orc sorcerer
  7837 | D:8      | Noticed a soul eater
  7838 | D:8      | Killed an orc sorcerer
  8273 | D:9      | Found a staircase to the Lair.
  8288 | D:8      | Reached skill level 10 in Fighting
  8288 | D:8      | Reached skill level 10 in Polearms
  8453 | D:9      | Reached ***** piety under Qazlal
  8552 | D:9      | Noticed a two-headed ogre
  8567 | D:9      | Found Iqiemext's Antique Armour Boutique.
  8578 | D:9      | Killed a two-headed ogre
  8589 | D:9      | Reached XP level 11. HP: 83/100 MP: 13/15
  8687 | D:9      | Reached skill level 5 in Shields
  9230 | D:10     | Entered Level 10 of the Dungeon
  9230 | D:10     | Found a shattered altar of Ashenzari.
 10003 | D:10     | Reached skill level 10 in Dodging
 10509 | D:11     | Noticed a two-headed ogre
 10582 | D:11     | Killed a two-headed ogre
 10582 | D:11     | Reached skill level 11 in Fighting
 10685 | D:11     | Killed an unseen horror
 10764 | D:11     | Reached ****** piety under Qazlal
 10786 | D:11     | Found a staircase to the Orcish Mines.
 11289 | D:11     | Found a portal to a secret trove of treasure.
 11514 | Lair:1   | Entered Level 1 of the Lair of Beasts
 11604 | Lair:1   | Reached XP level 12. HP: 104/110 MP: 17/17
 11686 | Lair:1   | Noticed a six-headed hydra
 11694 | Lair:1   | Killed a six-headed hydra
 11719 | Lair:1   | Reached skill level 12 in Fighting
 12043 | Lair:2   | Got a jewelled leather armour
 12179 | Lair:2   | Got a pitted halberd
 12191 | Lair:1   | Identified the +9 halberd "Loor" {drain, Str+2} (You found it on level 2 of the Lair of Beasts)
 12251 | Lair:2   | Noticed an eight-headed hydra
 12262 | Lair:2   | Killed an eight-headed hydra
 12371 | Lair:2   | Found a staircase to the Snake Pit.
 12421 | Lair:2   | Noticed a five-headed hydra
 12432 | Lair:2   | Killed a five-headed hydra
 12432 | Lair:2   | Reached skill level 10 in Invocations
 13032 | Lair:2   | Identified the +0 leather armour of Cadweol {*Slow rF+ MP+9} (You found it on level 2 of the Lair of Beasts)
 13145 | Lair:3   | Noticed a four-headed hydra
 13158 | Lair:3   | Killed a four-headed hydra
 13193 | Lair:3   | Got a smoking glass ring
 13428 | Lair:3   | Found a staircase to the Shoals.
 13509 | Lair:3   | Reached skill level 13 in Fighting
 14027 | Lair:4   | Noticed a six-headed hydra
 14036 | Lair:4   | Killed a six-headed hydra
 14212 | Lair:4   | Reached XP level 13. HP: 105/122 MP: 19/19
 16213 | Lair:5   | Identified the ring "Jiwkuly" {Fire rElec Str+3} (You found it on level 3 of the Lair of Beasts)
 16214 | Lair:5   | Identified a scroll of acquirement
 16247 | Lair:6   | Entered Level 6 of the Lair of Beasts
 16621 | Lair:6   | Found a staircase to the Slime Pits.
 16702 | Lair:6   | Reached skill level 14 in Fighting
 17842 | D:12     | Found a frozen archway.
 17897 | D:12     | Reached XP level 14. HP: 109/133 MP: 18/21
 17961 | D:12     | Noticed Azrael
 17969 | D:12     | Killed Azrael
 17978 | D:12     | Reached skill level 10 in Armour
 18159 | IceCv    | Entered an ice cave
 18337 | IceCv    | Reached skill level 15 in Fighting
 18652 | IceCv    | Got a pitted quarterstaff {freeze}
 18781 | IceCv    | Lost intelligence.
 18781 | IceCv    | Identified the +6 quarterstaff of the Warrior-Mage {freeze, rElec Int-5 Dex+3} (You took it off a necromancer in an ice cave)
 19398 | D:13     | Found a flickering gateway to a bazaar.
 19407 | Bazaar   | Entered a bazaar
 19409 | Bazaar   | Found Wamnoce's Armour Boutique.
 19413 | Bazaar   | Found Guhapn's Antique Weapon Boutique.
 19413 | Bazaar   | Found Netomink's General Store.
 19413 | Bazaar   | Found Lar Qano's Magic Scroll Boutique.
 19446 | Bazaar   | Bought a scroll of silence for 60 gold pieces
 19446 | Bazaar   | Bought a scroll of identify for 16 gold pieces
 19446 | Bazaar   | Bought a scroll of identify for 16 gold pieces
 19446 | Bazaar   | Bought a scroll of identify for 16 gold pieces
 19446 | Bazaar   | Bought a scroll of torment for 60 gold pieces
 19446 | Bazaar   | Bought a scroll of summoning for 76 gold pieces
 19446 | Bazaar   | Bought a scroll of teleportation for 24 gold pieces
 19446 | Bazaar   | Bought a scroll of magic mapping for 28 gold pieces
 19446 | Bazaar   | Bought a scroll of identify for 16 gold pieces
 19446 | Bazaar   | Bought a scroll of magic mapping for 28 gold pieces
 19446 | Bazaar   | Bought 3 scrolls of identify for 48 gold pieces
 19446 | Bazaar   | Bought a scroll of summoning for 76 gold pieces
 19446 | Bazaar   | Bought a scroll of enchant weapon for 60 gold pieces
 19446 | Bazaar   | Bought a scroll of teleportation for 24 gold pieces
 19454 | Bazaar   | Bought a scroll of holy word for 142 gold pieces
 19454 | Bazaar   | Bought 2 scrolls of identify for 76 gold pieces
 19534 | D:13     | Found Nily's General Store.
 19588 | D:13     | Found Noxezed's Weapon Shop.
 19635 | D:13     | Found Mievyink's Jewellery Shoppe.
 19834 | D:13     | Found Alieb's Antique Weapon Emporium.
 20105 | D:14     | Reached skill level 16 in Fighting
 20464 | D:14     | Noticed a storm dragon
 20479 | D:14     | Killed a storm dragon
 20985 | D:14     | Found a hide-covered altar of Uskayaw.
 21206 | D:14     | Found a gate to the Vaults.
 21305 | D:14     | Reached XP level 15. HP: 145/145 MP: 24/24
 21349 | D:14     | Found the +8 glaive of the Guard {elec, +Rage AC+5 SInv}
 21388 | D:14     | Noticed a storm dragon
 21388 | D:14     | a dire elephant changed into a storm dragon
 21396 | D:14     | a storm dragon changed into a great orb of eyes
 21584 | D:15     | Entered Level 15 of the Dungeon
 21932 | D:14     | Reached skill level 17 in Fighting
 21941 | D:15     | HP: 3/147 [death knight/great sword (24)]
 22612 | D:15     | Found a staircase to the Depths.
 23385 | Orc:1    | Entered Level 1 of the Orcish Mines
 23992 | Orc:2    | Entered Level 2 of the Orcish Mines
 24106 | Orc:2    | Found a staircase to the Elven Halls.
 24180 | Orc:2    | Paralysed by an orc sorcerer for 5 turns
 24187 | Orc:2    | Reached skill level 1 in Evocations
 24300 | Orc:2    | Noticed Saint Roka
 24320 | Orc:2    | Killed Saint Roka
 24670 | Orc:2    | Noticed IvanTheLlama's ghost (journeyman MiFi)
 24679 | Orc:2    | Killed IvanTheLlama's ghost
 24954 | Orc:2    | Found Vugeoram's Magic Scroll Shoppe.
 24954 | Orc:2    | Found Roes's Weapon Shop.
 24960 | Orc:2    | Reached skill level 15 in Polearms
 24970 | Orc:2    | Found a roughly hewn altar of Beogh.
 25066 | Orc:2    | Bought a scroll of identify for 22 gold pieces
 25066 | Orc:2    | Bought a scroll of amnesia for 38 gold pieces
 25066 | Orc:2    | Bought a scroll of remove curse for 33 gold pieces
 25066 | Orc:2    | Bought a scroll of identify for 22 gold pieces
 25066 | Orc:2    | Bought a scroll of summoning for 104 gold pieces
 25066 | Orc:2    | Bought a scroll of random uselessness for 11 gold pieces
 25066 | Orc:2    | Bought a scroll of identify for 22 gold pieces
 25066 | Orc:2    | Bought a scroll of remove curse for 33 gold pieces
 25066 | Orc:2    | Bought a scroll of identify for 22 gold pieces
 25265 | Orc:2    | Found Yzugops's Antique Weapon Shoppe.
 25265 | Orc:2    | Found Ushrihorr's Antique Weapon Shop.
 25374 | Orc:2    | Found a roughly hewn altar of Beogh.
 25829 | Snake:1  | Entered Level 1 of the Snake Pit
 25959 | D:13     | Bought an uncursed ring of poison resistance for 340 gold pieces
 26163 | Snake:1  | Reached skill level 15 in Invocations
 26168 | Snake:1  | Reached skill level 18 in Fighting
 26512 | Snake:1  | Reached XP level 16. HP: 85/157 MP: 22/26
 26736 | Snake:1  | Noticed Roxanne
 26764 | Snake:1  | Killed Roxanne
 27494 | Snake:2  | Paralysed by fainting for 6 turns
 27534 | Snake:1  | Paralysed by fainting for 8 turns
 28642 | Snake:2  | Found Xaosulu's Magic Scroll Shop.
 28643 | Snake:2  | Found Efetig's Gadget Boutique.
 28643 | Snake:2  | Found Irhit's Distillery.
 28646 | Snake:2  | Found Pabrucil's General Store.
 28662 | Snake:2  | Bought a scroll of acquirement for 676 gold pieces
 28666 | Snake:2  | Identified the +0 demon trident of Fate {drain, rF+} (You acquired it on level 2 of the Snake Pit)
 28681 | Snake:2  | Bought a potion of resistance for 120 gold pieces
 28705 | Snake:2  | Found the +2 cloak of the Thief {+Fog Slay-2 SInv Stlth+}
 29219 | Snake:2  | Reached skill level 5 in Evocations
 29647 | Snake:3  | Got a pair of ichor-stained boots
 29649 | Snake:3  | Identified the +0 pair of boots of Past Mistakes {rF- Int+5} (You acquired it on level 3 of the Snake Pit)
 30003 | Snake:4  | Entered Level 4 of the Snake Pit
 30220 | Snake:4  | Reached skill level 10 in Shields
 30400 | Snake:4  | Reached XP level 17. HP: 166/166 MP: 27/27
 30405 | Snake:4  | Reached skill level 19 in Fighting
 30406 | Snake:4  | Noticed Vashnia
 30431 | Snake:4  | Killed Vashnia
 30475 | Snake:4  | HP: 7/168 [nagaraja/club (20)]
 30476 | Snake:4  | Slain by a nagaraja

Vault maps used:
D:1:      noname_arrival_rooms_in_the_neighbourhood
D:2:      nicolae_overflow_hidden_temple, first_ration
D:3:      ashenzari_altar_1, uniq_sigmund
D:4:      hangedman_decor_riveting, st_stairs_3
D:5:      kennysheep_mini_moat, overflow_temple_1_default
D:6:      grunt_temple_overflow_diamond, chequers_ossuary_entry_cave
D:7:      nicolae_tso_besieged_by_evil, temple_pool_b, serial_shops,
          nicolae_shop_window_shopping, uniq_pikel
D:8:      cheibrodos_wizards_tower, uniq_maurice
D:9:      minmay_lair_entry_grove, serial_shops, shop
D:10:     basic_altar, david_nohive_1, columned_hall_lemuel
D:11:     hiddenorc2_lemuel, enter_trove_1, special_room
D:12:     portal_ice_cave_demonic_guard, nicolae_zen_rock_garden, uniq_azrael
D:13:     serial_shops, bzr_firewalk, shop, kennysheep_mini, nicolae_shop_trees,
          shop_fountains
D:14:     minmay_guarded_unrand_guard, david_vaults_5,
          infiniplex_staircase_split_hallway, basic_altar
D:15:     gammafunk_depths_entry_grave, hex_medium, hangedman_aviary
Lair:2:   minmay_snake_entry_guardpost_small
Lair:3:   shoals_dummy_entry
Lair:4:   minmay_lair_oklob_bushes, infiniplex_staircase_pool_2
Lair:6:   hangedman_lair_caniforms_friends, nicolae_slime_entry_slimehenge
Snake:1:  uniq_roxanne
Snake:2:  basic_loot_grate_trap, nicolae_snake_salamander_stairs,
          minmay_shoptagon
Snake:4:  johnstein_snake_rune_scales
Orc:2:    st_orc_town, basic_altar, uniq_saint_roka
Bazaar:   bazaar_minmay_cross
Ossuary:  ossuary_boxes_badplayer
IceCv:    ice_cave_tombish

Skill      XL: |  1  2  3  4  5  6  7  8  9 10 11 12 13 14 15 16 17 |
---------------+----------------------------------------------------+-----
Stealth        | 2 |  2.0
Fighting       | 4 5 6 7 9 10 11 13 14 16 18 19 | 19.2
Polearms       | 4 5 6 7 9 10 11 13 14 15 16 | 16.6
Dodging        | 4 5 6 7 8 9 10 11 12 | 12.1
Invocations    | 1 2 3 4 6 7 8 10 11 13 15 | 15.0
Armour         | 1 3 4 5 6 9 10 | 10.0
Shields        | 1 4 7 10 | 10.0
Evocations     | 3 5 |  5.0

Action                   |  1- 3 |  4- 6 |  7- 9 | 10-12 | 13-15 | 16-18 || total
-------------------------+-------+-------+-------+-------+-------+-------++-------
Melee: Spear             |    21 |     7 |       |       |       |       ||    28
       Headbutt          |     4 |    20 |    93 |   170 |   318 |   149 ||   754
       Short sword       |     8 |       |       |       |       |       ||     8
       Trident           |       |   104 |   301 |   461 |    49 |       ||   915
       Whip              |       |       |     8 |       |       |       ||     8
       Hand axe          |       |       |     6 |   120 |    19 |       ||   145
       Falchion          |       |       |       |    15 |    12 |       ||    27
       Halberd           |       |       |       |    46 |    37 |       ||    83
       Demon trident     |       |       |       |       |   765 |   498 ||  1263
       Glaive            |       |       |       |       |   255 |       ||   255
 Fire: Hunting sling     |    90 |       |       |       |       |       ||    90
Throw: Stone             |       |     2 |       |       |       |       ||     2
       Tomahawk          |       |       |    11 |    62 |    60 |     6 ||   139
Invok: Upheaval          |       |       |       |     4 |    19 |     6 ||    29
       Elemental Force   |       |       |       |       |     2 |       ||     2
Evoke: Wand              |       |       |       |     6 |     2 |     8 ||    16
  Use: Scroll            |     4 |     1 |    10 |    11 |    20 |    11 ||    57
       Potion            |       |       |     4 |     3 |    10 |     3 ||    20
 Stab: Sleeping          |     1 |     1 |       |       |       |       ||     2
       Distracted        |       |       |     1 |       |       |       ||     1
       Paralysed         |       |       |       |       |       |     2 ||     2
  Eat: Chunk             |     2 |     4 |    11 |     4 |    20 |     6 ||    47
       Ration            |       |       |     1 |     5 |     6 |     2 ||    14
Armor: Robe              |     9 |       |       |       |       |       ||     9
       Ring mail         |    17 |    16 |    40 |   122 |   200 |    80 ||   475
       Plate armour      |       |    16 |    40 |       |       |       ||    56
Dodge: Dodged            |    38 |    66 |   130 |   217 |   461 |   177 ||  1089
       Deflected         |       |       |       |     5 |    24 |    34 ||    63
Block: Other             |       |    13 |    45 |    29 |   122 |       ||   209
       Shield            |       |       |    17 |   562 |   749 |   626 ||  1954
       Rpst.: Falchion   |       |       |       |     2 |     1 |       ||     3

Table legend:
 A = Spawn XP
 B = Non-spawn XP
 C = Spawn XP percentage of total XP
 D = Spawn monster count
 E = Non-spawn monster count
 F = Spawn count percentage of total count
 G = Total turns spent on level
                    A         B        C        D         E        F      G
               +---------+---------+-------+---------+---------+-------+---------
         Total |       0 |  228486 |   0.0 |       0 |     994 |   0.0 | 30476
               +---------+---------+-------+---------+---------+-------+---------
           D:1 |       0 |      24 |   0.0 |       0 |      12 |   0.0 |  1151
           D:2 |       0 |     193 |   0.0 |       0 |      32 |   0.0 |  1109
           D:3 |       0 |     328 |   0.0 |       0 |      25 |   0.0 |   624
           D:4 |       0 |     288 |   0.0 |       0 |      19 |   0.0 |   939
           D:5 |       0 |    1374 |   0.0 |       0 |      21 |   0.0 |   976
           D:6 |       0 |     556 |   0.0 |       0 |      12 |   0.0 |   973
           D:7 |       0 |    2147 |   0.0 |       0 |      19 |   0.0 |  1224
           D:8 |       0 |    3765 |   0.0 |       0 |      22 |   0.0 |  1004
           D:9 |       0 |    3774 |   0.0 |       0 |      37 |   0.0 |  1551
          D:10 |       0 |    2361 |   0.0 |       0 |      38 |   0.0 |   642
          D:11 |       0 |    5266 |   0.0 |       0 |      77 |   0.0 |  1148
          D:12 |       0 |    9937 |   0.0 |       0 |      40 |   0.0 |   782
          D:13 |       0 |    9131 |   0.0 |       0 |      49 |   0.0 |   699
          D:14 |       0 |   22889 |   0.0 |       0 |      58 |   0.0 |  2312
          D:15 |       0 |   14427 |   0.0 |       0 |      23 |   0.0 |   882
        Lair:1 |       0 |    5579 |   0.0 |       0 |      22 |   0.0 |   849
        Lair:2 |       0 |    4749 |   0.0 |       0 |      16 |   0.0 |  1144
        Lair:3 |       0 |    3630 |   0.0 |       0 |      16 |   0.0 |   852
        Lair:4 |       0 |    6751 |   0.0 |       0 |      16 |   0.0 |  1275
        Lair:5 |       0 |    6883 |   0.0 |       0 |      27 |   0.0 |  1044
        Lair:6 |       0 |   14426 |   0.0 |       0 |      75 |   0.0 |  1247
       Snake:1 |       0 |   21248 |   0.0 |       0 |      39 |   0.0 |  2280
       Snake:2 |       0 |   18516 |   0.0 |       0 |      39 |   0.0 |   917
       Snake:3 |       0 |   17199 |   0.0 |       0 |      33 |   0.0 |   869
       Snake:4 |       0 |   27138 |   0.0 |       0 |      40 |   0.0 |   319
         Orc:1 |       0 |    2651 |   0.0 |       0 |      21 |   0.0 |   902
         Orc:2 |       0 |   18432 |   0.0 |       0 |     109 |   0.0 |  1461
       Ossuary |       0 |     465 |   0.0 |       0 |      37 |   0.0 |   433
         IceCv |       0 |    4359 |   0.0 |       0 |      20 |   0.0 |   802
               +---------+---------+-------+---------+---------+-------+---------
